 Dungeon Crawl Stone Soup version 0.29-a0-472-ge5599a681e (webtiles) character file.

Game seed: 16556445442967433386

3791 quokkamancerX the Quickloader (level 10, -2/60 HPs)
             Began as a Human Hunter on May 23, 2022.
             Was an Elder of Hepliaklqana.
             Slain by a spriggan
             ... wielding a +0 trident
              (9 damage)
             ... in a bailey.
             The game lasted 00:36:58 (8460 turns).

quokkamancerX the Quickloader (Human Hunter)        Turns: 8460, Time: 00:36:59

Health: -2/60      AC:  7    Str: 14    XL:     10   Next: 39%
Magic:  14/14      EV: 11    Int:  9    God:    Hepliaklqana [****..]
Gold:   531        SH:  0    Dex: 19    Spells: 9/9 levels left

rFire   + . .      SeeInvis .   a - +1 hand crossbow
rCold   . . .      Faith    .   (no shield)
rNeg    . . .      Spirit   .   l - +0 ring mail
rPois   .          Reflect  .   i - +0 helmet
rElec   .          Harm     .   A - +0 cloak {rCorr}
rCorr   +          Rampage  .   (no gloves)
Will    .....                   (no boots)
Stlth   +++.......              (no amulet)
HPRegen 0.20/turn               o - ring of flight
MPRegen 0.14/turn               w - ring of protection from fire

@: flying
A: reduced essence
a: Renounce Religion, Recall Ancestor, Ancestor Identity, Transference, Idealise


You were in a bailey.
You worshipped Hepliaklqana.
Hepliaklqana was greatly pleased with you.
You visited 2 branches of the dungeon, and saw 10 of its levels.
You also visited: Bailey.

You collected 597 gold pieces.
You spent 66 gold pieces at shops.

Inventory:

Hand Weapons
 a - a +1 hand crossbow (weapon)
 b - a +0 dagger of venom
Missiles
 g - 10 poisoned darts
 j - 4 atropa-tipped darts
 E - a curare-tipped dart
Armour
 i - a +0 helmet (worn)
 l - a +0 ring mail (worn)
 A - a +0 cloak of preservation (worn)
Jewellery
 c - a ring of ice
 e - a ring of magical power
 o - a ring of flight (left hand)
 w - a ring of protection from fire (right hand)
Wands
 n - a wand of mindburst (9)
 p - a wand of polymorph (22)
 x - a wand of flame (17)
 B - a wand of digging (6)
 F - a wand of acid (12)
 G - a wand of charming (4)
 H - a wand of paralysis (6)
Scrolls
 d - a scroll of fear
 f - 6 scrolls of teleportation
 m - 2 scrolls of vulnerability
 r - a scroll of poison
 t - 3 scrolls of fog
 u - 3 scrolls of silence
 C - a scroll of noise
 D - a scroll of amnesia
Potions
 h - 3 potions of curing
 q - 2 potions of magic
 s - 2 potions of might
 v - a potion of ambrosia
 z - a potion of heal wounds


   Skills:
 - Level 2.0 Fighting
 - Level 10.0 Crossbows
 - Level 2.0 Dodging
 - Level 6.0 Stealth
 + Level 5.7 Invocations
 - Level 8.0 Evocations


You had 9 spell levels left.
You didn't know any spells.
Your spell library contained the following spells:

 Spells                   Type           Power      Damage    Failure   Level
 Ensorcelled Hibernation  Hex/Ice        0%         N/A       77%         2
 Passwall                 Tmut/Erth      0%         N/A       77%         2
 Frozen Ramparts          Ice            0%         1d2       94%         3
 Ignite Poison            Fire/Tmut/Pois 0%         N/A       94%         3
 Mephitic Cloud           Conj/Pois/Air  0%         N/A       94%         3
 Swiftness                Air            0%         N/A       94%         3
 Ice Form                 Ice/Tmut       0%         N/A       100%        4
 Summon Ice Beast         Ice/Summ       0%         N/A       100%        4
 Freezing Cloud           Conj/Ice/Air   0%         6-21      100%        5
 Dispersal                Tloc           0%         N/A       100%        6
 Disjunction              Tloc           0%         N/A       100%        8


Dungeon Overview and Level Annotations

Branches:
Dungeon (9/15)             Temple (1/1) D:4             Orc (0/2) D:9
 Bailey (1/1)
   Lair: D:8-11

Altars:
Ashenzari
Cheibriados
Elyvilon
Fedhas
Hepliaklqana
Kikubaaqudgha
Qazlal
Ru
Sif Muna
Trog
Uskayaw
Wu Jian
Xom
Yredelemnul
Zin
The Shining One

Shops:
D:4 *   D:5 (

Annotations:
D:4 3 runed translucent doors, Foxy's ghost, novice PaFi; jejorda2's ghost, novice MfFi


Message History

You shoot a bolt. Lydia avoids your attack.
The bolt hits the spriggan but does no damage.
The spriggan is almost dead.
The spriggan hits Lydia with a +0 trident.
Lydia is destroyed!
You shoot a bolt.
The bolt hits the spriggan but does no damage.
The spriggan is almost dead.
The spriggan hits you from afar with a +0 trident!
The two-headed ogre hits you from afar with a +0 halberd!!
The two-headed ogre hits you from afar with a +0 halberd!
The spriggan hits you from afar with a +0 trident.
* * * LOW HITPOINT WARNING * * *
Blink to where?
Press: ? - help, Dir - move target, p - spriggan
As you read the scroll of blinking, it crumbles to dust.
The spriggan misses you.
The spriggan hits you from afar with a +0 trident!
* * * LOW HITPOINT WARNING * * *
The spriggan closely misses you.
Aiming: Mindburst
Press: ? - help, Shift-Dir - straight line, f - spriggan
Aim: a spriggan, wielding a +0 trident and wearing the quicksilver dragon scales of Voracious Lucidity {Rampage rPois rF- rN+ Will+} (severely wounded, fast, chance to affect: 26%)
The spriggan easily resists.
The spriggan hits you but does no damage.
Aiming: Polymorph
Press: ? - help, Shift-Dir - straight line, f/p - spriggan
Aim: a spriggan, wielding a +0 trident and wearing the quicksilver dragon scales of Voracious Lucidity {Rampage rPois rF- rN+ Will+} (severely wounded, fast, will become a polar bear, a wind drake, or a manticore, chance to affect: 8%)
Okay, then.
Aiming: Paralyse
Press: ? - help, Shift-Dir - straight line, f/p - spriggan
Aim: a spriggan, wielding a +0 trident and wearing the quicksilver dragon scales of Voracious Lucidity {Rampage rPois rF- rN+ Will+} (severely wounded, fast, chance to affect: 8%)
Okay, then.
Aiming: Throw Flame
Press: ? - help, Shift-Dir - straight line, f/p - spriggan
Aim: a spriggan, wielding a +0 trident and wearing the quicksilver dragon scales of Voracious Lucidity {Rampage rPois rF- rN+ Will+} (severely wounded, fast, 54% to hit)
The puff of flame misses the spriggan.
The spriggan is engulfed in a cloud of scalding steam.
The spriggan hits you from afar with a +0 trident!
You die...

#########
##.......##
##.........##
##..###♣###..##
##..#♣ ..♣#..##
##..## ..##..##
##).##. ..#@..#
≈)..♣.. ♣.♣...#
≈≈..#.. ♣.#i..#
)≈..#.. ♣.≈§..#
≈≈..#.D ♣.#≈..#
≈≈..#iO♣♣ ♣♣.#...#
##..##..♣♣♣♣♣..♣...#
##..#♣.......♣#..##
##..##.i...##..##


You could see a spriggan (fast).

Vanquished Creatures
  A cyclops (D:7)
  A spriggan (Bailey)
  A water moccasin (D:5)
  2 sky beasts
  An ice beast (D:6)
  A centaur (D:8)
  4 ogres
  A phantom (D:5)
  A bullfrog (D:8)
  A gnoll sergeant (D:7)
  A wight (D:7)
  A killer bee (D:5)
  Crazy Yiuf (D:6)
  A hound (D:5)
  A jelly (D:6)
  An orc priest (D:9)
  Terence (D:2)
  An iguana (D:7)
  2 orc wizards (D:9)
  3 gnolls
  5 adders
  2 white imps (D:5)
  A worm (D:4)
  3 dart slugs
  15 orcs
  5 bats
  7 endoplasms
  A giant cockroach (D:4)
  10 goblins
  5 hobgoblins
  4 jackals (D:1)
  4 quokkas
  7 ball pythons
  3 frilled lizards
  13 kobolds
  2 rats
114 creatures vanquished.

Vanquished Creatures (collateral kills)
  A water moccasin (D:8)
  Duvessa (D:5)
  A sky beast (D:7)
  5 ogres
  A centaur (D:5)
  A kobold brigand (D:6)
  A necrophage (D:8)
  5 scorpions
  Dowan (D:5)
  A howler monkey (D:7)
  2 hounds
  A gnoll shaman (D:8)
  An orc priest (D:6)
  Ijyb (D:5)
  4 iguanas
  4 orc wizards
  6 gnolls
  2 adders
  A shadow imp (D:8)
  2 white imps
  13 orcs
  An endoplasm (D:3)
  A hobgoblin (D:4)
  2 kobolds (D:6)
59 creatures vanquished.

Vanquished Creatures (others)
  A knight (Bailey)
  7 fungi (D:3)
  4 toadstools (D:3)
12 creatures vanquished.

Grand Total: 185 creatures vanquished

Notes
Turn   | Place    | Note
-------+----------+-------------------------------------------
     0 | D:1      | quokkamancerX the Human Hunter began the quest for the Orb.
     0 | D:1      | Reached XP level 1. HP: 16/16 MP: 1/1
   197 | D:1      | Reached XP level 2. HP: 12/22 MP: 2/2
   655 | D:1      | Reached XP level 3. HP: 27/27 MP: 3/3
   993 | D:2      | Found a faded altar of an unknown god.
  1039 | D:2      | Found a hazy altar of Hepliaklqana.
  1050 | D:2      | Became a worshipper of Hepliaklqana the Forgotten
  1066 | D:2      | Reached XP level 4. HP: 33/33 MP: 4/4
  1350 | D:2      | Noticed Terence
  1371 | D:2      | Killed Terence
  1621 | D:2      | Reached skill level 5 in Crossbows
  1843 | D:2      | Reached * piety under Hepliaklqana
  2184 | D:3      | Reached XP level 5. HP: 34/34 MP: 5/5
  3037 | D:4      | Reached ** piety under Hepliaklqana
  3038 | D:4      | Remembered your ancestor Lydia as a knight
  3063 | D:4      | Found Hybodway's General Store.
  3074 | D:4      | Bought a potion of might for 44 gold pieces
  3074 | D:4      | Bought a scroll of fog for 22 gold pieces
  3181 | D:4      | Found a blossoming altar of Fedhas.
  3181 | D:4      | Found a basalt altar of Yredelemnul.
  3182 | D:4      | Noticed an ogre
  3234 | D:4      | Killed an ogre
  3235 | D:4      | Reached XP level 6. HP: 39/39 MP: 6/6
  3504 | D:4      | Reached skill level 6 in Crossbows
  3646 | D:4      | Found a runed translucent gate.
  3647 | D:4      | Found a runed translucent gate.
  3647 | D:4      | Found a runed translucent gate.
  3648 | D:4      | Noticed Foxy's ghost (novice PaFi)
  3648 | D:4      | Noticed jejorda2's ghost (novice MfFi)
  3805 | D:4      | Found a staircase to the Ecumenical Temple.
  3855 | Temple   | Entered the Ecumenical Temple
  4129 | D:5      | Entered Level 5 of the Dungeon
  4129 | D:5      | Noticed Ijyb
  4195 | D:5      | Reached skill level 5 in Stealth
  4202 | D:5      | Reached XP level 7. HP: 45/45 MP: 7/7
  4382 | D:5      | Noticed Duvessa
  4415 | D:5      | Killed Duvessa
  4416 | D:5      | Reached skill level 7 in Crossbows
  4427 | D:5      | Noticed Dowan
  4439 | D:5      | Killed Dowan
  4507 | D:5      | Reached XP level 8. HP: 35/50 MP: 8/8
  4623 | D:5      | Found Qiofez's Weapon Shoppe.
  4697 | D:5      | Killed Ijyb
  4799 | D:5      | Reached skill level 8 in Crossbows
  5036 | D:5      | Reached skill level 9 in Crossbows
  5284 | D:5      | Found a glowing golden altar of the Shining One.
  5285 | D:5      | Found a glowing silver altar of Zin.
  5287 | D:5      | Found a white marble altar of Elyvilon.
  5369 | D:6      | Found a runed translucent door.
  5370 | D:6      | Noticed Crazy Yiuf
  5376 | D:6      | Killed Crazy Yiuf
  5377 | D:6      | Reached XP level 9. HP: 54/54 MP: 9/9
  5478 | D:6      | Reached skill level 10 in Crossbows
  5478 | D:6      | Reached skill level 1 in Evocations
  6213 | D:7      | Reached *** piety under Hepliaklqana
  6276 | D:7      | Reached skill level 5 in Evocations
  6846 | D:7      | Noticed a cyclops
  6932 | D:7      | Killed a cyclops
  7256 | D:7      | Reached XP level 10. HP: 60/60 MP: 10/10
  7694 | D:8      | Reached skill level 1 in Invocations
  7722 | D:8      | Reached **** piety under Hepliaklqana
  8272 | D:9      | Found a flagged portal.
  8287 | Bailey   | Entered a bailey
  8326 | Bailey   | Reached skill level 5 in Invocations
  8439 | Bailey   | Identified the quicksilver dragon scales of Voracious
                  | Lucidity {Rampage rPois rF- rN+ Will+}
  8442 | Bailey   | Noticed a two-headed ogre
  8460 | Bailey   | Slain by a spriggan

Illustrated notes

Levels and vault maps discovered:
D:1:      roderic_octagonal_star, layout_basic, st_stairs_11, solitary_fountain,
          hangedman_feature_mirror
D:2:      layout_basic, serial_curves, eino_curves_01, eino_curves_03,
          basic_altar, nicolae_ecumenical_pavilion, uniq_terence
D:3:      layout_rooms, minmay_gold_behind_fungi
D:4:      layout_basic, jmf_multi_god_temple,
          minmay_temple_entry_enclosed_plants, serial_shops,
          nicolae_shop_statue_plus, gammafunk_ghost_cemetery
D:5:      cheibrodos_barr_body, layout_basic, good_gods_mini_temple,
          serial_shops, kennysheep_mini, minmay_misc_feat_rugged,
          chequers_arboretum, grunt_decor_fettered, kennysheep_generic_room_5,
          uniq_duvessa, uniq_ijyb
D:6:      layout_loops_ring, uniq_crazy_yiuf_cottage
D:7:      hellmonk_crumbling_castle, layout_basic, hex_intersection,
          st_stairs_11, kennysheep_doodads
D:8:      layout_cave_pools
D:9:      layout_irregular_city, mainiacjoe_overflow_paths, minitemple,
          orc_0_dummy, serial_shops, shop, enter_bailey_5
Temple:   minmay_temple_curvy_loop
Bailey:   bailey_polearm_enchanted_keep_hellmonk, bailey

Skill      XL: |  1  2  3  4  5  6  7  8  9 10 |
---------------+-------------------------------+-----
Stealth        | 2 3 4 5 6 |  6.0
Crossbows      | 5 6 7 9 10 | 10.0
Evocations     | 7 8 |  8.0
Invocations    | 5 |  5.7
Fighting       | |  2.0
Dodging        | |  2.0

Action                   |  1- 3 |  4- 6 |  7- 9 | 10-12 || total
-------------------------+-------+-------+-------+-------++-------
Melee: Dagger            |       |     5 |       |       ||     5
       Hand crossbow     |       |       |     2 |       ||     2
 Fire: Hand crossbow     |    72 |   103 |   181 |    99 ||   455
Throw: Dart              |       |       |     1 |       ||     1
Invok: Ancestor Identity |       |     1 |       |       ||     1
       Recall Ancestor   |       |     1 |     2 |       ||     3
       Ancestor Life: Kn |       |     1 |       |       ||     1
Evoke: Wand              |       |       |       |     2 ||     2
  Use: Scroll            |       |     7 |     6 |     3 ||    16
Armor: Leather armour    |     4 |     1 |       |       ||     5
       Ring mail         |       |     3 |     7 |    11 ||    21
Dodge: Dodged            |    23 |    15 |    18 |    11 ||    67

Table legend: (Time is in decaauts)
 A = Elapsed time spent in this place.
 B = Non-inter-level travel time spent in this place.
 C = Inter-level travel time spent in this place.
 D = Time resting spent in this place.
 E = Time spent auto-exploring this place.
 F = Levels seen in this place.
 G = Mean time per level.
                   A        B        C        D        E       F      G
               +--------+--------+--------+--------+--------+-----+--------+
         Total |   8559 |   8044 |    515 |   1435 |   2765 |  11 |  778.1 |
       Dungeon |   8169 |   7678 |    491 |   1422 |   2589 |   9 |  907.7 |
        Temple |    214 |    190 |     24 |      0 |    176 |   1 |  214.0 |
        Bailey |    176 |    176 |      0 |     13 |      0 |   1 |  176.0 |
               +--------+--------+--------+--------+--------+-----+--------+

Top non-repeatable levels by time:
     D:7: 1491 daAuts
     D:4: 1226 daAuts
     D:5: 1147 daAuts
     D:2: 1084 daAuts
     D:1: 1044 daAuts
     D:6: 821 daAuts
     D:3: 748 daAuts
     D:8: 539 daAuts
  Temple: 214 daAuts
  Bailey: 176 daAuts
     D:9: 65 daAuts
